Map: Ascension to Aiur LE

Players

Stephano

  • Race: Zerg Zerg
  • League: Grandmaster
  • Spawn Location: 11:00

Elazer - Winner!

  • Race: Zerg Zerg
  • League: Master
  • Spawn Location: 5:00

Event: WESG Barcelona European Finals 2017

VOD

Have the link to the VOD?

Description

Time

  • Played on: Nov. 23, 2017, 5:59 a.m.
  • Length: 8:11

All games in this series

Show
View Real Time Build Order
Export as new Build Order

Stephano Zerg 

Build Orders: Hatch First 

Get SALT Encoding   

  12  0:01  Drone  
  13  0:12  Overlord  
  13  0:17  Drone  
  14  0:31  Drone x2  
  14  0:34  Drone  
  17  0:51  Hatchery  
  17  0:54  Drone  
  17  0:57  Drone  
  18  1:08  Extractor  
  17  1:12  Spawning Pool  
  17  1:15  Drone  
  17  1:18  Drone  
  18  1:28  Drone  
  19  1:39  Overlord  
  19  1:59  Queen  
  19  2:00  Zergling x2  
  19  2:01  Zergling x2  
  23  2:03  Zergling x2, Queen  
  23  2:08  Metabolic Boost  
  26  2:12  Drone  
  26  2:14  Drone  
  28  2:21  Drone  
  29  2:26  Drone  
  30  2:33  Drone  
  30  2:34  Queen  
  30  2:36  Drone  
  34  2:48  Hatchery  
  33  2:53  Overlord  
  33  3:03  Drone  
  33  3:06  Baneling Nest  
  33  3:09  Zergling x6  
  33  3:12  Drone x2  
  37  3:14  Zergling x2  
  37  3:16  Drone  
  39  3:21  Overlord  
  39  3:24  Zergling x2  
  40  3:35  Zergling x6  
  40  3:40  Zergling x2  
  44  3:43  Zergling x6  
  47  3:52  Zergling x6  
  50  3:57  Zergling x4  
  50  4:00  Zergling x2  
  42  4:06  Zergling x4  
  39  4:11  Zergling x2  
  39  4:16  Zergling x4  
  33  4:20  Zergling x2  
  33  4:21  Zergling x4  
  33  4:26  Zergling x2  
  33  4:27  Baneling x2  
  33  4:29  Drone x2  
  36  4:33  Queen  
  38  4:40  Evolution Chamber  
  37  4:46  Zergling x6  
  37  4:50  Baneling x3  
  37  4:55  Zergling x4  
  37  5:08  Zergling x2  
  37  5:12  Drone x3  
  40  5:16  Drone  
  40  5:17  Drone  
  40  5:18  Zerg Ground Armor Level 1  
  39  5:22  Drone  
  39  5:25  Baneling x2  
  39  5:26  Drone  
  41  5:31  Baneling  
  41  5:32  Drone x2  
  41  5:34  Extractor  
  41  5:38  Zergling x4  
  41  5:39  Zergling x2  
  44  5:48  Drone x3  
  47  5:51  Extractor  
  45  6:00  Drone x4  
  45  6:02  Roach Warren  
  47  6:14  Zergling x2  
  47  6:15  Zergling x14  
  55  6:31  Zergling x2  
  55  6:32  Zergling x4  
  57  6:34  Overlord  
  57  6:36  Overlord  
  57  6:38  Baneling x3, Spine Crawler  
  58  6:54  Roach x4  
  64  7:02  Roach  
  64  7:03  Roach x3  
  64  7:05  Overlord  
  72  7:11  Overlord  
  72  7:14  Spine Crawler  
  70  7:21  Roach x3  
  71  7:24  Roach x2  
  70  7:32  Roach x2  
  66  7:39  Roach x2  
  66  7:42  Roach  
  62  7:46  Roach  
  62  7:49  Roach  
  62  7:51  Roach  
Show
View Real Time Build Order
Export as new Build Order

Elazer Zerg - Winner!

Build Orders: Hatch First, Zergling Baneling 

Get SALT Encoding   

  12  0:00  Drone  
  13  0:12  Overlord  
  13  0:17  Drone  
  14  0:30  Drone  
  14  0:33  Drone  
  16  0:37  Drone  
  17  0:51  Hatchery  
  17  0:54  Drone  
  17  0:57  Drone  
  17  1:01  Extractor  
  17  1:13  Spawning Pool  
  17  1:16  Drone  
  17  1:19  Drone  
  18  1:27  Drone  
  19  1:37  Overlord  
  19  1:55  Drone  
  19  1:59  Queen  
  19  2:01  Metabolic Boost  
  22  2:03  Queen  
  22  2:04  Zergling x2  
  22  2:06  Zergling x2  
  26  2:11  Drone  
  26  2:14  Drone  
  28  2:22  Drone  
  29  2:27  Zergling x2  
  30  2:39  Drone, Hatchery  
  30  2:46  Baneling Nest  
  30  2:47  Drone  
  30  2:54  Drone x2  
  32  2:58  Overlord  
  32  3:10  Zergling x8  
  36  3:17  Zergling x2  
  36  3:18  Zergling x6  
  40  3:23  Zergling x4  
  42  3:29  Overlord  
  42  3:31  Baneling x2  
  42  3:34  Baneling x2  
  42  3:37  Drone  
  43  3:42  Drone  
  43  3:47  Drone x2  
  43  3:48  Drone  
  47  3:52  Drone  
  47  3:54  Overlord  
  47  3:57  Drone  
  47  3:58  Baneling x2  
  47  4:00  Drone  
  48  4:02  Drone  
  48  4:04  Zergling x4  
  48  4:12  Zergling x8  
  48  4:17  Zergling x2  
  48  4:18  Zergling x4  
  48  4:20  Zergling x2  
  48  4:25  Zergling x6  
  51  4:34  Baneling x2  
  51  4:35  Drone x2  
  51  4:36  Drone x2  
  55  4:40  Evolution Chamber, Extractor  
  55  4:44  Overlord  
  52  4:47  Zergling x6  
  52  4:49  Baneling  
  54  4:54  Roach Warren  
  54  4:55  Drone  
  53  5:06  Overlord  
  53  5:08  Drone x2  
  53  5:15  Drone x2  
  53  5:16  Overlord  
  53  5:17  Drone x3  
  54  5:24  Zerg Missile Weapons Level 1, Overlord, Extractor  
  54  5:27  Queen, Drone x2  
  51  5:30  Zergling x4  
  51  5:33  Zergling x2  
  51  5:34  Zergling x2  
  54  5:36  Roach  
  54  5:39  Roach  
  54  5:42  Roach  
  60  5:47  Overlord  
  60  5:49  Roach x2  
  64  5:52  Baneling x2  
  64  5:56  Roach x2  
  67  6:04  Roach x3  
  70  6:09  Roach  
  73  6:13  Roach x2  
  73  6:18  Roach  
  79  6:23  Roach x2  
  83  6:30  Roach x2  
  83  6:32  Zergling x2  
  86  6:33  Zergling x10  
  86  6:38  Zergling x2  
  92  6:42  Zergling x2  
  92  6:43  Zergling x2  
  94  6:47  Overlord  
  94  6:50  Ravager  
  94  6:51  Ravager  
  94  6:52  Zergling x4  
  98  6:58  Zergling x8  
  102  7:03  Zergling x8  
  102  7:05  Baneling x2  
  102  7:06  Baneling x4  
  102  7:07  Zergling x4  
  102  7:08  Zergling x2  
  109  7:09  Zergling x2  
  109  7:10  Baneling  
  109  7:13  Zergling x2  
  109  7:14  Zergling x2  
  112  7:18  Zergling x2  
  112  7:22  Zergling x2  
  108  7:32  Zergling x12  
  108  7:35  Zergling x8  
  108  7:36  Ravager x3  
  112  7:41  Zergling x2  
  101  7:51  Zergling x6  
Tags
 
Add a new tag
Caveats
  • Supply blocks, unpowered buildings, or Contaminate may cause inaccurate times.
  • Supply counts are checked every 10 seconds.